 Dungeon Crawl Stone Soup version 0.23.2-1-ga50397a (webtiles) character file.

Game seed: 14009334729609131744

22727 shadizar the Blocker (level 13, -3/84 HPs)
             Began as a Gargoyle Fighter on May 18, 2019.
             Was a High Priest of the Shining One.
             Killed from afar by a starcursed mass (5 damage)
             ... with an accursed screaming
             ... on level 2 of the Abyss.
             The game lasted 00:24:04 (13193 turns).

shadizar the Blocker (Gargoyle Fighter)            Turns: 13193, Time: 00:24:05

Health: -3/84      AC: 29    Str: 24    XL:     13   Next: 2%
Magic:  4/4        EV: 12    Int: 10    God:    the Shining One [*****.]
Gold:   1342       SH: 18    Dex:  9    Spells: 12/12 levels left

rFire    . . .     SeeInvis .   L - +4 eveningstar (antimagic)
rCold    . . .     Gourm    .   G - +0 large shield
rNeg     + + +     Faith    .   k - +0 plate armour
rPois    ∞         Spirit   .   B - +0 hat
rElec    +         Reflect  .   H - +1 cloak
rCorr    .         Harm     .   x - +1 pair of gloves
MR       .....                  (no boots)
Stlth    ..........             (no amulet)
HPRegen  0.24/turn              v - +5 ring of evasion
MPRegen  0.09/turn              (no ring)

@: vulnerable, glowing
A: negative energy resistance 1, electricity resistance, unbreathing,
petrification resistance, rot immunity, AC +9
a: Divine Shield, Cleansing Flame, Summon Divine Warrior, Renounce Religion


You were on level 2 of the Abyss.
You worshipped the Shining One.
The Shining One was extremely pleased with you.
You were not hungry.

You visited 3 branches of the dungeon, and saw 17 of its levels.
You visited the Abyss 1 time.
You also visited: Ossuary.

You collected 1342 gold pieces.

Inventory:

Hand Weapons
 A - a +2 whip of electrocution
 F - the +11 flail of Revolt {drain, Str+3}
   (You found it on level 5 of the Dungeon)

   A truly terrible weapon, it drains the life of those it strikes.
   It affects your strength (+3).
   The Shining One disapproves of the use of such an item.
 L - a +4 antimagic eveningstar (weapon)
 S - the +9 flail of the Moth {crush, +Rage rF+ rC- Dex+3, unknown}
   (You found it on level 4 of the Lair of Beasts)

   It inflicts extra damage upon your enemies.
   It affects your dexterity (+3).
   It protects you from fire.
   It makes you vulnerable to cold.
   It lets you go berserk.
Armour
 c - a +0 shield
 k - a +0 plate armour (worn)
 x - a +1 pair of gloves (worn)
 B - a +0 hat (worn)
 G - a +0 large shield (worn)
 H - a +1 cloak (worn)
 Q - a +2 shield of protection
Jewellery
 r - an uncursed ring of ice
 v - a +5 ring of evasion (left hand)
 R - a +3 ring of strength {unknown}
 T - an uncursed ring of positive energy {unknown}
Wands
 b - a wand of disintegration (16)
 D - a wand of digging (14)
 I - a wand of flame (37)
 N - a wand of acid (12)
Scrolls
 e - 2 scrolls of fear {unknown}
 g - 2 scrolls of magic mapping {unknown}
 j - 6 scrolls of blinking {unknown}
 l - 8 scrolls of teleportation {unknown}
 n - 4 scrolls of amnesia {unknown}
 o - 3 scrolls of noise {unknown}
 p - 10 scrolls of remove curse {unknown}
 s - 11 scrolls of identify {unknown}
 t - 2 scrolls of enchant armour {unknown}
 y - 5 scrolls of fog {unknown}
 M - 2 scrolls of immolation {unknown}
 O - 2 scrolls of summoning {unknown}
Potions
 a - 4 potions of magic {unknown}
 d - 2 potions of might
 h - a potion of invisibility {unknown}
 i - 3 potions of brilliance {unknown}
 m - 7 potions of curing {unknown}
 q - 3 potions of heal wounds {unknown}
 u - 3 potions of mutation {unknown}
 w - a potion of cancellation {unknown}
 z - 4 potions of degeneration {unknown}
 C - 5 potions of agility {unknown}
 E - a potion of lignification {unknown}
 J - a potion of berserk rage {unknown}
 P - a potion of flight {unknown}
Miscellaneous
 K - a phial of floods
Comestibles
 f - 28 rations


   Skills:
 + Level 11.0 Fighting
 + Level 9.9 Maces & Flails
 + Level 11.0 Armour
 + Level 8.1 Dodging
 + Level 11.0 Shields


You had 12 spell levels left.
You didn't know any spells.
Your spell library contained the following spells:

 Spells                   Type           Power        Failure   Level  Hunger
 Animate Skeleton         Necr           N/A          100%        1    ##.....
 Apportation              Tloc           #.....       100%        1    ##.....
 Confusing Touch          Hex            #.....       100%        1    ##.....
 Corona                   Hex            #......      100%        1    ##.....
 Pain                     Necr           #...         100%        1    ##.....
 Shock                    Conj/Air       #...         100%        1    ##.....
 Summon Small Mammal      Summ           #...         100%        1    ##.....
 Ensorcelled Hibernation  Hex/Ice        #.....       100%        2    ###....
 Swiftness                Chrm/Air       #.......     100%        2    ###....
 Confuse                  Hex            #.......     100%        3    ####...
 Dazzling Spray           Conj/Hex       #.....       100%        3    ####...
 Regeneration             Chrm/Necr      #.........   100%        3    ####...
 Static Discharge         Conj/Air       #.......     100%        3    ####...
 Tukima's Dance           Hex            #.......     100%        3    ####...
 Vampiric Draining        Necr           #.........   100%        3    ####...
 Airstrike                Air            #.........   100%        4    #####..
 Animate Dead             Necr           N/A          100%        4    #####..
 Lightning Bolt           Conj/Air       #.........   100%        5    ######.


Dungeon Overview and Level Annotations

Branches:
Dungeon (11/15)            Temple (1/1) D:4            Lair (5/6) D:9
 Shoals (0/4) Lair:4       Spider (0/4) Lair:2        Slime (0/5) Lair:5
    Orc (0/2) D:9

Altars:
Ashenzari
Cheibriados
Dithmenos
Elyvilon
Fedhas
Gozag
Hepliaklqana
Kikubaaqudgha
Makhleb
Nemelex Xobeh
Okawaru
Qazlal
Ru
Sif Muna
Trog
Uskayaw
Vehumet
Wu Jian
Xom
Yredelemnul
Zin
The Shining One
Jiyva

Annotations:
D:6 3 runed translucent doors, xveg's ghost, novice DDHu; xveg's ghost, novice MiBe
Lair:4 exclusion: oklob plant
Lair:5 Sonja


Innate Abilities, Weirdness & Mutations

You are resistant to torment.
Your stone body is resilient. (AC +9)
You are immune to poison.
You resist negative energy. (rN+)
You are resistant to electric shocks. (rElec)
You can survive without breathing.
You are immune to petrification.
You are immune to rotting.


Message History

* * * LOW HITPOINT WARNING * * *
You shrug off the repeated paralysis!
The phantasmal warrior hits you but does no damage.
The apocalypse crab bites you but does no damage.
The apocalypse crab claws you but does no damage.
You can move again.
Unknown command.
Unknown command.
Unknown command.
Unknown command.
Unknown command.
Unknown command.
Unknown command.
Unknown command.
Unknown command.
Unknown command.
The apocalypse crab is no longer moving slowly.
The starcursed mass engulfs you but does no damage.
A chorus of shrieks assaults your mind.
You die...

#..#.#....##.#..
#.#..#. .#.#....
#..#.§.##. ##.. #
###.#.#........##
#.# #.#....#X..#..
#
..##..tX#...#....#.
#..#XWX.X#.#§. .#
#.##.#.###.X#. #.
#...@.# .XX. .#
....#.#.#.# . X . .
.#... #.### #...
.## #.. ... #.# ...
##. .


You could see 3 starcursed masses, an apocalypse crab and a phantasmal warrior.

Vanquished Creatures
  Fannar (Lair:1)
  Erica (Lair:2)
  A two-headed ogre (D:9)
  2 death yaks (Lair:5)
  Urug (D:10)
  An unseen horror (D:10)
  Pikel (D:8)
  A black mamba (Lair:3)
  9 spiny frogs
  A rime drake (Lair:4)
  A komodo dragon (Lair:3)
  3 trolls
  7 hippogriffs
  8 blink frogs (Lair:1)
  3 redbacks (Lair:2)
  3 wyverns
  9 yaks
  3 basilisks
  A steam dragon (D:10)
  A hungry ghost (D:8)
  9 water moccasins
  5 porcupines
  3 black bears
  A hornet zombie (D:9)
  An orc warrior (D:6)
  4 sky beasts
  4 ice beasts
  A slave (D:8)
  2 eyes of draining
  A necrophage (D:7)
  7 ogres
  4 centaurs
  9 crocodiles
  2 elf zombies (D:8)
  3 big kobolds
  16 bullfrogs
  3 elf skeletons (D:8)
  3 scorpions
  2 electric eels
  4 howler monkeys
  4 crimson imps
  A human zombie (D:8)
  4 centaur zombies
  A quasit (D:6)
  9 orc priests
  3 bullfrog skeletons
  Crazy Yiuf (D:5)
  3 hounds
  3 iguanas
  3 jellies
  3 human skeletons (D:8)
  7 orc wizards
  10 worker ants
  A killer bee zombie (D:7)
  4 big kobold zombies (Ossuary)
  A hound zombie (D:9)
  A hound skeleton (D:5)
  2 mummies (Ossuary)
  2 worker ant zombies
  15 adders
  11 gnolls
  3 shadow imps
  An adder zombie (D:7)
  4 worms
  2 dart slugs
  4 leopard geckos
  15 orcs
  3 bats
  2 giant cockroaches (D:3)
  13 goblins
  11 hobgoblins
  3 jackals (D:9)
  2 quokkas
  2 ball pythons
  8 frilled lizards
  3 gnoll zombies (Ossuary)
  3 goblin zombies (Ossuary)
  A hobgoblin zombie (Ossuary)
  22 kobolds
  An orc skeleton (D:8)
  3 orc zombies
  2 quokka skeletons
  8 rats
347 creatures vanquished.

Vanquished Creatures (others)
  A ghoul (D:1)
  A minotaur (D:1)
  A gargoyle (D:1)
  An elf (D:1)
  2 formicids (D:1)
  2 spriggans (D:1)
  A human (D:1)
  A dwarf (D:1)
  2 kobolds (D:1)
  2 fungi
  4 plants (D:9)
  4 tentacles (D:1)
22 creatures vanquished.

Grand Total: 369 creatures vanquished

Notes
Turn   | Place    | Note
-------+----------+-------------------------------------------
     0 | D:1      | shadizar the Gargoyle Fighter began the quest for the Orb.
     0 | D:1      | Reached XP level 1. HP: 14/14 MP: 1/1
     0 | D:1      | Noticed a spriggan
     0 | D:1      | Noticed an elf
     0 | D:1      | Noticed a gargoyle
     0 | D:1      | Noticed a ghoul
     0 | D:1      | Noticed a kraken
     0 | D:1      | Noticed a human
     0 | D:1      | Noticed a formicid
     0 | D:1      | Noticed a formicid
     0 | D:1      | Noticed a spriggan
     0 | D:1      | Noticed a dwarf
     0 | D:1      | Noticed a minotaur
     5 | D:1      | Killed a gargoyle
     6 | D:1      | Killed an elf
     7 | D:1      | Killed a spriggan
     7 | D:1      | Killed a spriggan
     8 | D:1      | Killed a formicid
     8 | D:1      | Killed a dwarf
     9 | D:1      | Killed a minotaur
    10 | D:1      | Killed a human
    10 | D:1      | Killed a formicid
    10 | D:1      | Killed a ghoul
    75 | D:1      | Reached XP level 2. HP: 16/19 MP: 2/2
   919 | D:2      | Reached XP level 3. HP: 16/23 MP: 3/3
   985 | D:2      | Reached skill level 1 in Dodging
  1119 | D:2      | Reached XP level 4. HP: 20/29 MP: 4/4
  1710 | D:3      | Reached XP level 5. HP: 15/33 MP: 5/5
  2310 | D:3      | Reached XP level 6. HP: 24/38 MP: 6/6
  2549 | D:4      | Found a staircase to the Ecumenical Temple.
  2581 | Temple   | Entered the Ecumenical Temple
  3030 | D:4      | Noticed a black bear
  3042 | D:4      | Killed a black bear
  3042 | D:4      | Reached XP level 7. HP: 44/44 MP: 7/7
  3408 | D:4      | Found a shadowy altar of Dithmenos.
  3409 | D:4      | Found a radiant altar of Vehumet.
  3582 | D:5      | Entered Level 5 of the Dungeon
  3582 | D:5      | Found a sparkling altar of Nemelex Xobeh.
  3612 | D:5      | Reached skill level 5 in Armour
  3625 | D:5      | Reached skill level 5 in Fighting
  3625 | D:5      | Reached skill level 5 in Shields
  3885 | D:5      | Reached XP level 8. HP: 46/49 MP: 8/8
  3979 | D:5      | Got a pitted flail
  4105 | D:5      | Got a fine lead ring
  4297 | D:5      | Found a runed translucent door.
  4298 | D:5      | Noticed Crazy Yiuf
  4493 | D:5      | Killed Crazy Yiuf
  4513 | D:5      | Identified the ring "Buelyi" {Wiz rPois Str-2 Int+3} (You
                  | found it on level 5 of the Dungeon)
  4516 | D:5      | Identified the +11 flail of Revolt {drain, Str+3} (You
                  | found it on level 5 of the Dungeon)
  4971 | D:6      | Found a runed translucent gate.
  4971 | D:6      | Found a runed translucent gate.
  4971 | D:6      | Found a runed translucent gate.
  4983 | D:6      | Noticed xveg's ghost (novice DDHu)
  4983 | D:6      | Noticed xveg's ghost (novice MiBe)
  5114 | D:5      | Reached skill level 5 in Maces & Flails
  5117 | D:5      | Found a glowing silver altar of Zin.
  5866 | D:7      | Reached XP level 9. HP: 53/56 MP: 9/9
  6216 | D:7      | Found a sacrificial altar of Ru.
  6217 | D:7      | Found an opulent altar of Gozag.
  6222 | D:7      | Found a glowing golden altar of the Shining One.
  6284 | D:7      | Became a worshipper of the Shining One
  6899 | D:8      | Reached XP level 10. HP: 43/63 MP: 10/10
  6934 | D:8      | Noticed Pikel
  6964 | D:8      | Reached skill level 5 in Dodging
  6997 | D:8      | Killed Pikel
  7125 | D:8      | Found a sparkling altar of Nemelex Xobeh.
  7288 | D:8      | Found a sand-covered staircase.
  7289 | D:8      | Reached * piety under the Shining One
  7318 | Ossuary  | Entered an ossuary
  7369 | Ossuary  | Reached ** piety under the Shining One
  7694 | D:9      | Noticed a two-headed ogre
  7705 | D:9      | Killed a two-headed ogre
  7714 | D:9      | Reached *** piety under the Shining One
  7832 | D:9      | Reached XP level 11. HP: 67/69 MP: 11/11
  7865 | D:9      | Found a staircase to the Orcish Mines.
  8395 | D:9      | Found a basalt altar of Yredelemnul.
  8429 | D:9      | Reached **** piety under the Shining One
  8439 | D:9      | You fall through a shaft for 2 floors!
  8475 | D:10     | Entered Level 10 of the Dungeon
  8558 | D:10     | Noticed Urug
  8574 | D:10     | Killed Urug
  8670 | D:10     | Noticed an unseen horror
  8678 | D:10     | Killed an unseen horror
  8761 | D:10     | Found a blossoming altar of Fedhas.
  9240 | D:9      | Found a staircase to the Lair.
  9295 | D:9      | Found a hazy altar of Hepliaklqana.
  9495 | Lair:1   | Entered Level 1 of the Lair of Beasts
  9622 | Lair:1   | Noticed Fannar
  9652 | Lair:1   | Killed Fannar
  9652 | Lair:1   | Reached skill level 10 in Fighting
  9652 | Lair:1   | Reached skill level 10 in Armour
  9652 | Lair:1   | Reached skill level 10 in Shields
  9652 | Lair:1   | Reached XP level 12. HP: 76/77 MP: 4/12
 10663 | Lair:2   | Reached ***** piety under the Shining One
 10695 | Lair:2   | Noticed Erica
 10730 | Lair:2   | Killed Erica
 10820 | Lair:2   | Found a hole to the Spider Nest.
 12137 | Lair:4   | Got a polished flail
 12182 | Lair:4   | Found a staircase to the Shoals.
 12943 | Lair:5   | Found a viscous altar of Jiyva.
 12944 | Lair:5   | Found a staircase to the Slime Pits.
 13086 | Lair:5   | Noticed a death yak
 13086 | Lair:5   | Noticed a death yak
 13087 | Lair:5   | Noticed a death yak
 13088 | Lair:5   | Noticed a death yak
 13091 | Lair:5   | Noticed a death yak
 13093 | Lair:5   | Noticed Sonja
 13102 | Lair:5   | Killed a death yak
 13112 | Lair:5   | Killed a death yak
 13112 | Lair:5   | Reached XP level 13. HP: 67/84 MP: 2/13
 13113 | Lair:5   | Cast into level 2 of the Abyss (Sonja)
 13115 | Abyss:2  | Found a corrupted altar of Lugonu.
 13164 | Abyss:2  | Paralysed by you for 2 turns
 13184 | Abyss:2  | Noticed a starcursed mass
 13186 | Abyss:2  | Paralysed by you for 6 turns
 13191 | Abyss:2  | HP: 2/84 [starcursed mass/accursed screaming (7)]
 13193 | Abyss:2  | Killed from afar by a starcursed mass

Skill      XL: |  1  2  3  4  5  6  7  8  9 10 11 12 |
---------------+-------------------------------------+-----
Dodging        | 1 2 3 4 6 7 8 |  8.1
Armour         | 4 5 6 7 8 10 11 | 11.0
Fighting       | 4 5 6 7 8 10 11 | 11.0
Shields        | 4 5 6 7 8 10 11 | 11.0
Maces & Flails | 3 4 5 6 7 8 9 |  9.9

Action                   |  1- 3 |  4- 6 |  7- 9 | 10-12 | 13-15 || total
-------------------------+-------+-------+-------+-------+-------++-------
Melee: Flail             |   128 |   396 |   285 |       |       ||   809
       Whip              |       |       |    87 |   407 |       ||   494
       Unarmed           |       |       |    22 |       |       ||    22
       Eveningstar       |       |       |       |   408 |     1 ||   409
Invok: Divine Shield     |       |       |       |     1 |       ||     1
  Eat: Chunk             |     1 |     6 |    14 |    13 |       ||    34
       Ration            |       |       |       |     3 |       ||     3
Armor: Scale mail        |    50 |       |       |       |       ||    50
       Plate armour      |    33 |   302 |   194 |   378 |    11 ||   918
Dodge: Dodged            |    36 |    87 |   181 |   388 |     3 ||   695
Block: Shield            |    70 |   213 |   242 |   278 |       ||   803
       Large shield      |       |       |       |   389 |     6 ||   395
